[Event "Late-Titled-Tuesday-Blitz-April-23-2024"]
[Site "Chess.com"]
[Date "2024.04.23"]
[Round "3"]
[White "Sesleria"]
[Black "AsaHoffmann"]
[Result "0-1"]
[WhiteElo "2130"]
[BlackElo "2379"]
[TimeControl "180+1"]
[EndTime "14:29:34 PDT"]
[Termination "AsaHoffmann won by resignation"]

1. c4 Nf6 2. Nc3 d6 3. e4 c6 4. d4 e5 5. d5 Qc7 6. Bd3 Be7 7. h3 Nbd7 8. Nf3 Nc5 9. Bc2 a5 10. b3 O-O 11. Be3 Nfd7 12. g4 Qd8 13. Ne2 cxd5 14. cxd5 b6 15. Ng3 Ba6 16. Nf5 Rc8 17.
Nd2 g6 18. Nh6+ Kg7 19. Qf3 Bg5 20. Nf5+ gxf5 21. gxf5 Bxe3 22. Rg1+ Kh8 23. Qxe3 Qf6 24. O-O-O Rg8 25. Kb1 Rxg1 26. Rxg1 Rg8 27. Rg3 Rxg3 28. fxg3 h6 29. Nf3 Kh7 30. g4 Nf8 31. h4 Qg7 32. g5 Bc8 33. a3 Bd7 34. b4 axb4 35. axb4 Na4 36. Bxa4 Bxa4 37. Qxb6 Bd1 38. Nd2 hxg5 39.
Qxd6 g4 40. f6 Qh6 41. Qxe5 Qxd2 42. Qh5+ Qh6 43. Qxf7+ Kh8 44. d6 Bf3 45. d7 Bxe4+ 46. Ka2 Nxd7 47. Qe8+ Nf8 48. Qxe4 Qxf6 49. Qc4 Qf5 50.
Qc5 Qxc5 51. bxc5 g3 52. c6 Ne6 0-1

[Event "Late-Titled-Tuesday-Blitz-April-23-2024"]
[Site "Chess.com"]
[Date "2024.04.23"]
[Round "3"]
[White "zacachess"]
[Black "GothamChess"]
[Result "0-1"]
[WhiteElo "2325"]
[BlackElo "2694"]
[TimeControl "180+1"]
[EndTime "14:29:35 PDT"]
[Termination "GothamChess won by resignation"]

1. e4 d5 2. exd5 Qxd5 3. Nc3 Qa5 4. d4 Nf6 5. Bc4 Bg4 6. f3 Bd7 7. Bd2 Qb6 8. Nge2 e6 9. O-O Be7 10. Kh1 a6 11. Be3 Qa5 12. a3 Nc6 13. d5 exd5 14.
Nxd5 Nxd5 15. Qxd5 Qxd5 16. Bxd5 Bf6 17. c3 O-O 18.
Bf4 Rfe8 19. Ng3 Be5 20. Bxe5 Rxe5 21. Rad1 Be8 22. Kg1 g6 23. Ne4 Kg7 24. Kf2 Rd8 25. Ba2 h6 26. Rxd8 Nxd8 27. Rd1 Nc6 28. Rd5 Re7 29.
Nc5 f5 30. Nxb7 Bf7 31. Rc5 Bxa2 32. Rxc6 Bd5 33. Na5 Bxc6 34. Nxc6 Re6 35. Nd4 Rb6 36. b4 Kf6 37. f4 g5 38. g3 Rb8 39. Nb3 Rd8 40.
Ke2 Re8+ 41. Kf2 Rd8 42. Ke2 Rd6 43. Nc5 Ke7 44. a4 Rc6 45. a5 Kd6 46. Kd3 gxf4 47. gxf4 Rxc5 48. bxc5+ Kxc5 49. c4 Kb4 50. Kd4 Kxa5 51. Kc5 Ka4 52. Kc6 Kb4 53. c5 a5 0-1

[Event "Late-Titled-Tuesday-Blitz-April-23-2024"]
[Site "Chess.com"]
[Date "2024.04.23"]
[Round "3"]
[White "mortngabriel"]
[Black "HipsterChess22"]
[Result "1-0"]
[WhiteElo "2444"]
[BlackElo "2228"]
[TimeControl "180+1"]
[EndTime "14:29:35 PDT"]
[Termination "mortngabriel won on time"]

1. e4 c6 2. Nf3 d5 3. Nc3 dxe4 4. Nxe4 Nf6 5. Qe2 Nxe4 6. Qxe4 Nd7 7. Bc4 Nf6 8. Ne5 e6 9. Qe2 b5 10. Bd3 Qc7 11. a4 b4 12. b3 Nd5 13. g3 Be7 14.
Bb2 Bf6 15. O-O-O O-O 16. f4 a5 17. h4 c5 18. h5 Bb7 19. Qe4 g6 20. hxg6 Nc3 21. gxf7+ Rxf7 22. Qe3 Bxe5 23. dxc3 Bxh1 24. Rxh1 bxc3 25. Ba1 Bd4 26. Qxe6 Kf8 27. Qc4 Re8 28. Bxc3 Qe7 29. Bxa5 Qe3+ 30. Kb1 1-0

[Event "Late-Titled-Tuesday-Blitz-April-23-2024"]
[Site "Chess.com"]
[Date "2024.04.23"]
[Round "3"]
[White "manitodeplomo"]
[Black "Mops_2004"]
[Result "1-0"]
[WhiteElo "2667"]
[BlackElo "2861"]
[TimeControl "180+1"]
[EndTime "14:29:37 PDT"]
[Termination "manitodeplomo won on time"]

1. d4 g6 2. c4 Bg7 3. Nc3 d6 4. e4 e5 5. d5 a5 6. h4 h5 7.
g3 Na6 8. Bh3 Nc5 9. Bxc8 Qxc8 10. Nh3 Bh6 11. Bxh6 Nxh6 12. Qd2 Kf8 13. f3 Kg7 14. Kf2 Qd7 15. Kg2 Raf8 16. Raf1 f5 17. f4 Ng4 18. fxe5 Nxe5 19. Ng5 fxe4 20. Ncxe4 Nxe4 21.
Nxe4 Qg4 22. Ng5 Rxf1 23. Rxf1 Qxc4 24. Ne6+ Kh7 25. Ng5+ Kg7 26. Ne6+ Kh7 27. Ng5+ Kg8 28. Rc1 Qd3 29. Qxd3 Nxd3 30. Rxc7 Nxb2 31. Ne6 Rh6 32. Rg7+ Kh8 33. Rxb7 Nc4 34. Ng5 Kg8 35. a4 Kf8 36.
Ne6+ Ke8 37. Kf3 Ne5+ 38. Kf4 Nd3+ 39. Kg5 1-0

[Event "Late-Titled-Tuesday-Blitz-April-23-2024"]
[Site "Chess.com"]
[Date "2024.04.23"]
[Round "3"]
[White "Sjakkerntobi"]
[Black "kingofthenil"]
[Result "0-1"]
[WhiteElo "2519"]
[BlackElo "2791"]
[TimeControl "180+1"]
[EndTime "14:29:37 PDT"]
[Termination "kingofthenil won by resignation"]

1. e4 Nc6 2. d4 d6 3. d5 Nb8 4. Nc3 Nf6 5. Nf3 g6 6. h3 Bg7 7. Bc4 O-O 8. O-O c6 9. Bf4 b5 10. Bd3 b4 11. Ne2 cxd5 12. exd5 Bb7 13. c4 bxc3 14.
Nxc3 Nxd5 15. Nxd5 Bxd5 16. Re1 Nc6 17. Bxg6 Bxf3 18.
Qxf3 Nd4 19. Bxh7+ Kxh7 20. Qh5+ Kg8 21. Rad1 e5 22.
Bg5 f6 23. Bh6 Qe8 24. Qg4 Qf7 25. Rd3 f5 26. Qg5 Ne6 27. Qd2 f4 28. Bxg7 Qxg7 29.
Rxd6 Nd4 30. Qd3 Rad8 31. Ra6 f3 32. Rg6 Ne2+ 33. Qxe2 fxe2 34. Rxg7+ Kxg7 35. Rxe2 Rfe8 36. g4 e4 37. Kg2 e3 38. fxe3 Kf6 39. Kf3 Ke5 40. Rc2 Rf8+ 41. Kg3 Ke4 42. g5 Rd1 43. Rc4+ Kxe3 44. Rc3+ Ke4 45. Rc4+ Rd4 46. Rxd4+ Kxd4 47. Kg4 Ke5 48. h4 Ke6 49. h5 Kf7 50. g6+ Kg7 51. Kg5 Rb8 52. h6+ Kg8 53. b3 Rb6 54. Kf5 Rb5+ 55.
Kf6 Rb6+ 56. Kf5 Ra6 57. Kg5 Rxa2 58. Kf6 Ra6+ 59. Kg5 Rb6 60. Kf5 Rxb3 61. Kf6 Rb6+ 62. Ke7 a5 0-1

[Event "Late-Titled-Tuesday-Blitz-April-23-2024"]
[Site "Chess.com"]
[Date "2024.04.23"]
[Round "3"]
[White "Flaccidmoves"]
[Black "BenchGM"]
[Result "0-1"]
[WhiteElo "2427"]
[BlackElo "2240"]
[TimeControl "180+1"]
[EndTime "14:29:38 PDT"]
[Termination "BenchGM won by resignation"]

1. d4 Nf6 2. c4 e6 3. Nf3 d5 4. Nc3 c5 5. cxd5 Nxd5 6. e4 Nxc3 7. bxc3 cxd4 8. cxd4 Bb4+ 9. Bd2 Bxd2+ 10. Qxd2 O-O 11. Bd3 Nc6 12. Bc4 Na5 13. Be2 Bd7 14. O-O Rc8 15. Rfc1 Bc6 16. Qf4 f5 17. exf5 Rxf5 18. Qe3 Qf6 19.
Ne5 Rf8 20. f3 Bd5 21. Nd7 Qh4 22. Nxf8 Rh5 23. h3 Kxf8 24. Rc8+ Kf7 25. Rac1 Nc6 26. Rc7+ Kf6 27. Rxb7 Qg3 28. Qf2 Qf4 29. Bb5 Qxc1+ 30. Kh2 Qf4+ 31. Qg3 Qxg3+ 32. Kxg3 Nxd4 33. Bd3 Bxb7 0-1

[Event "Late-Titled-Tuesday-Blitz-April-23-2024"]
[Site "Chess.com"]
[Date "2024.04.23"]
[Round "3"]
[White "Sanyura"]
[Black "Road2GM3000"]
[Result "1-0"]
[WhiteElo "2632"]
[BlackElo "2447"]
[TimeControl "180+1"]
[EndTime "14:29:41 PDT"]
[Termination "Sanyura won by resignation"]

1. Nf3 d5 2. g3 c6 3. Bg2 Nf6 4. O-O Bg4 5. d3 e6 6. Nbd2 Nbd7 7. b3 Be7 8. Bb2 O-O 9. e4 dxe4 10.
dxe4 Nc5 11. Qe2 Qc7 12. Rad1 Rad8 13. h3 Bxf3 14. Bxf3 Rd7 15. e5 Nd5 16. Ne4 Nxe4 17. Bxe4 Rfd8 18. c4 Nb4 19. a3 Na6 20. b4 Rxd1 21. Rxd1 Rxd1+ 22. Qxd1 Qd8 23. Qe2 Nc7 24. h4 g6 25. h5 Ne8 26. b5 cxb5 27. cxb5 Qc7 28. Kg2 Ng7 29. h6 Nf5 30. Bxf5 gxf5 31. g4 f4 32. Qe4 Bg5 33. Qd4 b6 34. a4 Bxh6 35. Ba3 Qb7+ 36. f3 Qc7 37. Kh3 Bg5 38. Qd6 Qc8 39. Qc6 Qd8 40. Bd6 Be7 41. Qc7 Qxc7 42.
Bxc7 Kf8 43. Bb8 Bd8 44. Bxa7 Bc7 45. a5 bxa5 46. b6 Bxe5 47. b7 a4 48. b8=Q+ Bxb8 49. Bxb8 Ke7 50. Bxf4 a3 51. Be5 f6 52. Bc3 e5 53. Bb4+ Ke6 54. Bxa3 h6 55. Kh4 f5 56.
Bc1 e4 57. fxe4 fxe4 58. Bxh6 1-0

[Event "Late-Titled-Tuesday-Blitz-April-23-2024"]
[Site "Chess.com"]
[Date "2024.04.23"]
[Round "3"]
[White "Mindhunter08"]
[Black "VojtechPlat"]
[Result "0-1"]
[WhiteElo "2592"]
[BlackElo "2861"]
[TimeControl "180+1"]
[EndTime "14:29:42 PDT"]
[Termination "VojtechPlat won by resignation"]

1. e4 d6 2. d4 Nf6 3. Nc3 e5 4. dxe5 dxe5 5. Qxd8+ Kxd8 6. Bc4 Be6 7. Bxe6 fxe6 8.
Nf3 Bd6 9. h3 a6 10. a4 Nbd7 11. O-O Ke7 12. Bg5 h6 13. Bxf6+ gxf6 14. Ne2 h5 15. Nh4 Rag8 16. Ng3 Nf8 17. Kh2 Ng6 18. Nxg6+ Rxg6 19. h4 Rhg8 20. Rad1 Bc5 21. Rd3 Bd6 22. c3 a5 23. Rfd1 b6 24. b4 axb4 25. cxb4 Ra8 26.
Ra1 Bxb4 27. Nxh5 Rh8 28. g4 Rxg4 29. Rd7+ Kxd7 30. Nxf6+ Ke7 31. Nxg4 Rxh4+ 32. Kg3 Rh8 33. Kg2 Bd6 34. a5 Ra8 35. a6 b5 36. Ne3 Bc5 37. Nc2 Kd6 38. Ne1 Bd4 39. Ra2 c5 40.
Nd3 c4 41. Nb4 Kc5 42. Nc2 Kb6 43. f4 Bc5 44. f5 exf5 45. exf5 b4 46. Kf3 b3 47. Rb2 Kxa6 48. Ne1 Kb5 49. Ke4 Bd4 50. Rb1 Kc5 51. Nf3 b2 52. Nxd4 exd4 53. Rxb2 Re8+ 54. Kf4 d3 55. f6 Rf8 56. Kf5 c3 57. Rb7 d2 58. Rd7 c2 59. Rc7+ Kb6 60. Rxc2 d1=Q 61. Rb2+ Kc6 62. Rb8 Rxb8 63. Kg6 Qg4+ 64. Kh7 Qf5+ 65.
Kg7 Rb7+ 66. f7 Qxf7+ 0-1

[Event "Late-Titled-Tuesday-Blitz-April-23-2024"]
[Site "Chess.com"]
[Date "2024.04.23"]
[Round "3"]
[White "realburq"]
[Black "Bala-Afiada"]
[Result "1-0"]
[WhiteElo "2361"]
[BlackElo "1979"]
[TimeControl "180+1"]
[EndTime "14:29:42 PDT"]
[Termination "realburq won by resignation"]

1. d4 Nf6 2. Nf3 e6 3. g3 d5 4.
Bg2 c5 5. O-O Nc6 6. c4 cxd4 7.
cxd5 Nxd5 8. Nxd4 Be7 9. e4 Nf6 10. Nxc6 bxc6 11. Qxd8+ Bxd8 12. Nc3 O-O 13. Be3 Bb6 14.
Bxb6 axb6 15. Rfd1 Ba6 16. f4 Rfd8 17. h3 Kf8 18. Kf2 Ke7 19. Ke3 h6 20. Rac1 Rxd1 21. Rxd1 Rd8 22. Rxd8 Kxd8 23. e5 Nd5+ 24. Nxd5 exd5 25.
h4 Bc8 26. Bf1 Ke7 27. a3 Bf5 28. Ba6 f6 29. Kd4 Be6 30. b4 Kd7 31. Bd3 Bg4 32. a4 Ke6 33. a5 fxe5+ 34. fxe5 bxa5 35. bxa5 Ke7 36. a6 Bc8 37. a7 Bb7 38. Bf5 g5 39.
Kc5 gxh4 40. gxh4 Ba8 41. Bg4 Bb7 42. Bd1 Ke6 43. Ba4 Kxe5 44. Bxc6 Bxc6 45. Kxc6 d4 46.
a8=Q Ke4 47. Kc5+ Ke3 48. Kc4 d3 49. Qe8+ 1-0

[Event "Late-Titled-Tuesday-Blitz-April-23-2024"]
[Site "Chess.com"]
[Date "2024.04.23"]
[Round "3"]
[White "jinbojinbo"]
[Black "ccccvhhhj"]
[Result "0-1"]
[WhiteElo "2637"]
[BlackElo "2483"]
[TimeControl "180+1"]
[EndTime "14:29:43 PDT"]
[Termination "ccccvhhhj won on time"]

1. c4 e5 2. Nc3 Nf6 3. Nf3 e4 4. Ng5 c6 5. Ngxe4 Nxe4 6. Nxe4 d5 7. Ng3 h5 8. h4 Bd6 9. d3 Qc7 10. Be3 Bb4+ 11. Bd2 Bd6 12. Bc3 Bxg3 13. fxg3 Qxg3+ 14. Kd2 dxc4 15. Qe1 Qg6 16. Rd1 O-O 17. Kc1 cxd3 18. Rxd3 Bg4 19. e4 Na6 20. Re3 Nc5 21. Bb4 b6 22. Bc4 a5 23. Bxc5 bxc5 24. Qc3 Rad8 25. a3 Rd4 26. Rhe1 Rfd8 27. Bb3 Be6 28. Bxe6 Qxe6 29.
Kc2 Qd6 30. R3e2 a4 31. e5 Qg6+ 32. Kc1 Qe6 33. Kb1 Qd5 34. e6 fxe6 35. Rxe6 Rd1+ 36. Kc2 Qf5+ 37. R6e4 Rxe1 38. Qxe1 Rd4 0-1

[Event "Late-Titled-Tuesday-Blitz-April-23-2024"]
[Site "Chess.com"]
[Date "2024.04.23"]
[Round "3"]
[White "zsizsi99"]
[Black "juancruzarias"]
[Result "1-0"]
[WhiteElo "2480"]
[BlackElo "2633"]
[TimeControl "180+1"]
[EndTime "14:29:43 PDT"]
[Termination "zsizsi99 won by resignation"]

1. e4 e6 2. d4 d5 3. Nd2 c5 4. exd5 Qxd5 5. Ngf3 cxd4 6. Bc4 Qd6 7. O-O Nf6 8. Nb3 Nc6 9. Qe2 Be7 10. Rd1 O-O 11. Nbxd4 Nxd4 12. Nxd4 Qc7 13. Nb5 Qc6 14. Bf4 a6 15. a4 Bd7 16. Nd6 Rfd8 17. b4 Bf8 18.
b5 axb5 19. Bxb5 Qc7 20. Nxf7 Qxf4 21. Nxd8 Rxd8 22. Bxd7 Rxd7 23. Rxd7 Nxd7 24. Qxe6+ Qf7 25. Qb3 Bc5 26. Qxb7 Qxf2+ 27. Kh1 Nf6 28. a5 h5 29. a6 Ng4 30. Qd5+ Kf8 31. Qf3+ Qxf3 32. gxf3 Nf2+ 33.
Kg2 Ba7 34. Rb1 h4 35. Rb7 h3+ 36. Kf1 Be3 37. a7 Bxa7 38. Rxa7 Nd1 39. Rd7 Ne3+ 40. Kf2 Nf5 41. Rd5 Ne7 42. Ra5 Nf5 43. Rxf5+ 1-0

[Event "Late-Titled-Tuesday-Blitz-April-23-2024"]
[Site "Chess.com"]
[Date "2024.04.23"]
[Round "3"]
[White "Romkachess"]
[Black "Bugcrusher"]
[Result "0-1"]
[WhiteElo "2658"]
[BlackElo "2505"]
[TimeControl "180+1"]
[EndTime "14:29:44 PDT"]
[Termination "Bugcrusher won by resignation"]

1. e4 e6 2. d4 d5 3. Nc3 Bb4 4. e5 c5 5. a3 Bxc3+ 6. bxc3 Qa5 7. Bd2 Qa4 8. Nf3 b6 9. Bd3 Ba6 10. O-O Ne7 11. Ra2 Nbc6 12. Bxa6 Qxa6 13. Bg5 O-O 14. h4 h6 15. Bf4 Rac8 16. Qc1 Kh7 17. Be3 Qc4 18.
Qa1 Nf5 19. h5 cxd4 20. cxd4 f6 21. exf6 Rxf6 22. c3 Nxe3 23. fxe3 Rcf8 24. Qb1+ Kg8 25. e4 dxe4 26. Qxe4 Qxa2 27. Qxc6 Qxa3 28. Re1 Qa2 29. Re4 Qd5 30. Ne5 Qxc6 31. Nxc6 a5 32. c4 a4 33. Re3 Ra8 34. Ra3 Kh7 35. g3 Rf5 36. Ne5 Rxh5 37. Kg2 Rxe5 38. dxe5 g5 39. Kf3 Kg6 40. Ke4 h5 41. Kd4 h4 42. gxh4 gxh4 43. Kc3 h3 44. Kb4 h2 45. Ra1 a3 46. Kb3 a2 47.
Kb2 h1=Q 48. Rxh1 a1=Q+ 49. Rxa1 Rxa1 50. Kxa1 Kf5 51. Kb2 Kxe5 52. Kb3 Kd4 53. Kb4 e5 54. Kb5 e4 55. Kxb6 Kxc4 0-1

[Event "Late-Titled-Tuesday-Blitz-April-23-2024"]
[Site "Chess.com"]
[Date "2024.04.23"]
[Round "3"]
[White "akanga001"]
[Black "Artem_Koval"]
[Result "0-1"]
[WhiteElo "2145"]
[BlackElo "2549"]
[TimeControl "180+1"]
[EndTime "14:29:44 PDT"]
[Termination "Artem_Koval won on time"]

1. d4 d5 2. c4 e6 3. Nc3 Nf6 4. cxd5 exd5 5. Bg5 Be7 6. e3 c6 7.
Bd3 O-O 8. Qc2 Nbd7 9. Nge2 h6 10. Bh4 Re8 11. Rb1 a5 12. a3 b5 13. O-O Nb6 14.
Bxf6 Bxf6 15. b3 Be7 16. Ra1 a4 17. bxa4 bxa4 18. Rfb1 Bd6 19. g3 h5 20. Nf4 h4 21.
Be2 Nd7 22. Bd3 Nf6 23. Nce2 Bd7 24. Bf5 Ne4 25. Bxd7 Qxd7 26. Rb6 Rac8 27. Qxa4 g5 28. Nxd5 Ra8 29. Qxc6 Qg4 30. Nf6+ Nxf6 31. Qxd6 Ne4 32. Qd5 Qxe2 33. Rf1 Kg7 34. Rb7 Qf3 0-1

[Event "Late-Titled-Tuesday-Blitz-April-23-2024"]
[Site "Chess.com"]
[Date "2024.04.23"]
[Round "3"]
[White "WoodlandMagic"]
[Black "stasOR4ik"]
[Result "1-0"]
[WhiteElo "2840"]
[BlackElo "2453"]
[TimeControl "180+1"]
[EndTime "14:29:45 PDT"]
[Termination "WoodlandMagic won on time"]

1. Nf3 d5 2. c4 c6 3. g3 Nf6 4.
Bg2 Nbd7 5. O-O e6 6. b3 Be7 7.
Bb2 O-O 8. Nc3 Re8 9. d4 Ne4 10. Nxe4 dxe4 11. Ne5 f5 12. Nxd7 Bxd7 13. f3 exf3 14.
exf3 Bf6 15. f4 a5 16. Qd2 a4 17. Rfd1 Qb6 18. Qe3 axb3 19. axb3 Kf7 20. Ba3 Red8 21. Bc5 Rxa1 22. Rxa1 Qxc5 23. dxc5 Bxa1 24. Qd2 Ke8 25. b4 Bc8 26. Qc2 Bd4+ 27. Kf1 Be3 28. Qc3 Bd4 29. Qa3 e5 30. fxe5 Be6 31. Qb3 Ke7 32. b5 Bxe5 33. bxc6 bxc6 34. Bxc6 Rd2 35. Bd5 Rxh2 36. Qb7+ Kf6 37.
Qc6 Bxg3 38. Qxe6+ Kg5 39. c6 f4 40. c7 1-0

[Event "Late-Titled-Tuesday-Blitz-April-23-2024"]
[Site "Chess.com"]
[Date "2024.04.23"]
[Round "3"]
[White "dosto07"]
[Black "Skatchkov_V"]
[Result "0-1"]
[WhiteElo "2488"]
[BlackElo "2667"]
[TimeControl "180+1"]
[EndTime "14:29:45 PDT"]
[Termination "Skatchkov_V won by checkmate"]

1. e4 e5 2. Nf3 Nf6 3. d4 Nxe4 4.
Bd3 Nc6 5. Bxe4 d5 6. Bd3 e4 7. Be2 exf3 8. Bxf3 Qe7+ 9. Be2 Qh4 10. Be3 Bd6 11. Nc3 O-O 12. g3 Qh3 13. Bf1 Qf5 14. Bg2 Ne7 15. O-O c6 16. Re1 Be6 17.
Ne2 Ng6 18. c3 h5 19. Qb1 h4 20. Qxf5 Bxf5 21. f3 Rfe8 22. Kf2 Bd3 23. f4 Re7 24.
Ng1 Rae8 25. Rad1 Bc2 26. Rc1 Be4 27. Nf3 hxg3+ 28. hxg3 f6 29. Bd2 a5 30. Ng1 Bxg2 31.
Kxg2 a4 32. Kf3 Nf8 33. Rxe7 Rxe7 34. b3 Nd7 35. g4 Re8 36. Ne2 axb3 37. axb3 Ra8 38. c4 Ra2 39. Be3 Ba3 40. Rd1 Nb6 41. c5 Nc8 42. f5 Rb2 43. Rd3 Na7 44. Bc1 Ra2 45. Bxa3 Rxa3 46. Nf4 Nb5 47. Ne6 Kf7 48. Kf4 g5+ 49. fxg6+ Kxg6 50. Rg3 Kf7 51. Kf5 Ra1 52. Rh3 Rf1+ 53. Nf4 Nxd4# 0-1

[Event "Late-Titled-Tuesday-Blitz-April-23-2024"]
[Site "Chess.com"]
[Date "2024.04.23"]
[Round "3"]
[White "jaramsdal"]
[Black "Kratos031"]
[Result "0-1"]
[WhiteElo "2245"]
[BlackElo "2495"]
[TimeControl "180+1"]
[EndTime "14:29:46 PDT"]
[Termination "Kratos031 won by checkmate"]

1. e4 c5 2. Nf3 Nc6 3. d4 cxd4 4. Nxd4 e5 5. Nb5 d6 6. N1c3 a6 7. Na3 Be7 8. Be3 Nf6 9. Nc4 O-O 10. Nb6 Rb8 11. Be2 Be6 12. O-O Nd7 13. Nbd5 f5 14. Nxe7+ Qxe7 15. exf5 Bxf5 16. Nd5 Qd8 17. Bg4 Kh8 18.
Bxf5 Rxf5 19. Qg4 Qf8 20. Rad1 Re8 21. Nc7 Rc8 22. Ne6 Qf7 23. Nxg7 Rf6 24. Nh5 Rg6 25. Qh3 Rcg8 26. Ng3 d5 27. c3 Nf6 28.
Qf5 Qe7 29. h4 Ne4 30. Bg5 Nxg5 31. hxg5 Rxg5 32. Qf3 e4 33. Qe3 h5 34. Qf4 Rg4 35.
Qh6+ Qh7 36. Qxh7+ Kxh7 37. Rxd5 h4 38. Rd7+ Kh8 39. Nf5 Ne5 40. Rxb7 Rxg2+ 41. Kh1 Nf3 42. Ng3 Rh2# 0-1

[Event "Late-Titled-Tuesday-Blitz-April-23-2024"]
[Site "Chess.com"]
[Date "2024.04.23"]
[Round "3"]
[White "olakenn"]
[Black "norwaytoadog"]
[Result "1-0"]
[WhiteElo "1924"]
[BlackElo "2333"]
[TimeControl "180+1"]
[EndTime "14:29:47 PDT"]
[Termination "olakenn won on time"]

1. e4 e5 2. Nf3 Nc6 3. Bb5 a6 4. Bxc6 dxc6 5. O-O Bg4 6. h3 h5 7. d3 Qf6 8. Nbd2 g5 9. d4 exd4 10. e5 Qg6 11. Re1 Bd7 12. Ne4 O-O-O 13. Nfxg5 Be7 14. h4 f6 15. exf6 Nxf6 16. Nxf6 Bxf6 17. Qd3 Bf5 18. Qc4 Rhe8 19. Bf4 Bxc2 20. Ne6 Be4 21. Bg3 Bd5 22.
Qc5 Rxe6 23. Qa7 Rxe1+ 24. Rxe1 Kd7 25. Qxb7 Rc8 26. Qxa6 d3 27. b4 Bxh4 28. b5 Bxg3 29.
fxg3 cxb5 30. Qxg6 d2 31. Rd1 Re8 32. Rxd2 Re1+ 33.
Kh2 c6 34. Qxh5 Re6 35. g4 Re4 36. g5 Re5 37. Qh6 Re4 38. Qg7+ Kc8 39. Qf6 Rh4+ 40. Kg1 Rg4 41. g6 Kb7 42. g7 Kb6 43. Qf8 1-0

[Event "Late-Titled-Tuesday-Blitz-April-23-2024"]
[Site "Chess.com"]
[Date "2024.04.23"]
[Round "3"]
[White "SahibSinghKnight"]
[Black "Naruna_Chan"]
[Result "1-0"]
[WhiteElo "2632"]
[BlackElo "2443"]
[TimeControl "180+1"]
[EndTime "14:29:48 PDT"]
[Termination "SahibSinghKnight won on time"]

1. e4 c5 2. Nf3 Nc6 3. d4 cxd4 4. Nxd4 e5 5. Nb5 d6 6. N1c3 a6 7. Na3 b5 8. Nd5 Nce7 9. c4 Nxd5 10. exd5 b4 11. Qa4+ Bd7 12. Qxb4 Be7 13. Bd3 f5 14.
O-O e4 15. Be2 Nf6 16. Be3 O-O 17. Qd2 Be8 18. Nc2 Nd7 19. Nd4 Ne5 20. Ne6 Qd7 21. Nxf8 Bxf8 22. Bd4 Be7 23. c5 Bf6 24. c6 Qf7 25.
Rac1 f4 26. Qxf4 Qg6 27. Qg3 Qf7 28. c7 Rc8 29. Bb6 Bb5 30. Bxb5 axb5 31. Qh3 Qe8 32.
Rfe1 Nc4 33. Rxe4 Qf8 34. Qe6+ Kh8 35. Rexc4 bxc4 36. Rxc4 Bxb2 37. Rf4 Qg8 38. Rf7 Bf6 39. Rxf6 gxf6 40. Qxf6+ Qg7 41. Qd8+ Qf8 42. Bd4+ Kg8 43. Qg5+ Kf7 44. Qf5+ Kg8 45. Qe6+ 1-0

[Event "Late-Titled-Tuesday-Blitz-April-23-2024"]
[Site "Chess.com"]
[Date "2024.04.23"]
[Round "3"]
[White "Iuckyducky"]
[Black "Rytenko_V"]
[Result "0-1"]
[WhiteElo "2260"]
[BlackElo "2518"]
[TimeControl "180+1"]
[EndTime "14:29:48 PDT"]
[Termination "Rytenko_V won by resignation"]

1. e4 c5 2. Nf3 Nc6 3. Bb5 Nf6 4. Nc3 Nd4 5. O-O Nxb5 6. Nxb5 Nxe4 7. d4 d5 8. Bf4 Nd6 9. Bxd6 exd6 10. dxc5 dxc5 11. Qxd5 Qxd5 12. Nc7+ Kd8 13. Nxd5 Be6 14. Rad1 Kc8 15. Ng5 Bd6 16. a3 Rd8 17. Rfe1 Bxd5 18. Rxd5 Bxh2+ 19. Kxh2 Rxd5 20. Nxf7 Kd7 21. f4 Rf8 22. Ne5+ Kc7 23. Kg3 h5 24. Ng6 Rf7 25. Re8 Rd2 26. c3 Rxb2 27. Ne5 h4+ 28. Kf3 Rf6 29. Rg8 Rb3 30. Rxg7+ Kc8 31. Rg8+ Kc7 32. Rg7+ Kd6 33. Rd7+ Ke6 34.
Rh7 Rxc3+ 35. Kg4 Kd5 36. Rxb7 Rg3+ 37. Kxh4 Rxg2 38. Nd3 Kd4 39. Rd7+ Ke3 40. Kh3 Rg8 41. Rh7 Kxd3 0-1

[Event "Late-Titled-Tuesday-Blitz-April-23-2024"]
[Site "Chess.com"]
[Date "2024.04.23"]
[Round "3"]
[White "Binary010"]
[Black "Zura_19"]
[Result "1/2-1/2"]
[WhiteElo "2839"]
[BlackElo "2589"]
[TimeControl "180+1"]
[EndTime "14:29:49 PDT"]
[Termination "Game drawn by repetition"]

1. e4 c5 2. Nf3 d6 3. Bb5+ Nd7 4.
a4 Nf6 5. Nc3 a6 6. Be2 e6 7. d4 cxd4 8. Qxd4 b6 9. O-O Bb7 10.
Rd1 Be7 11. e5 dxe5 12. Nxe5 Nxe5 13. Qxe5 Qc8 14. Qg3 O-O 15. Bh6 Ne8 16. Be3 Bc5 17.
Bxc5 Qxc5 18. Rd2 Nf6 19. Rad1 Qb4 20. Qd6 Qh4 21. Qxb6 Rab8 22. Qe3 Qb4 23. b3 Rfc8 24. Rd4 Qa3 25. Rc4 Rd8 26. Rcd4 Re8 27. h3 Rbc8 28. Rc4 h6 29. Qb6 Rxc4 30. Bxc4 Qb2 31. Qxb7 Qxc3 32. Bd3 a5 33. Qb5 Rc8 34. Qb7 Nd5 35.
Bc4 Rd8 36. Bxd5 Qxc2 37. Rd4 exd5 38. Rxd5 Qc1+ 39. Kh2 Qf4+ 40. Kg1 Qc1+ 41. Kh2 Qf4+ 42. Kg1 Qc1+ 1/2-1/2

[Event "Late-Titled-Tuesday-Blitz-April-23-2024"]
[Site "Chess.com"]
[Date "2024.04.23"]
[Round "3"]
[White "woodpusher52"]
[Black "GMKrikor"]
[Result "0-1"]
[WhiteElo "2592"]
[BlackElo "2892"]
[TimeControl "180+1"]
[EndTime "14:29:49 PDT"]
[Termination "GMKrikor won on time"]

1. Nf3 d5 2. b3 c5 3. Bb2 f6 4. c4 d4 5. e3 e5 6. exd4 cxd4 7.
Bd3 Nd7 8. O-O Bd6 9. Re1 Ne7 10.
Bf1 O-O 11. d3 a5 12. a3 Nc6 13. Nbd2 Re8 14. g3 Bf8 15. Qc2 Rb8 16. Ne4 f5 17.
Ned2 Nc5 18. Bg2 g6 19. Rad1 Bg7 20. h4 h6 21. Nh2 Be6 22. Ndf3 Bf7 23. Nd2 Qd6 24.
Nhf3 Rbd8 25. Nh2 Bf6 26. Ndf3 e4 27. dxe4 fxe4 28. Nd2 d3 29. Qb1 Bxb2 30. Qxb2 Qd4 31. Qb1 Kg7 32. Nhf1 Be6 33. Ne3 Bf5 34. h5 Ne5 35.
hxg6 Bxg6 36. b4 axb4 37. axb4 Na4 38. Nb3 Qd7 0-1

[Event "Late-Titled-Tuesday-Blitz-April-23-2024"]
[Site "Chess.com"]
[Date "2024.04.23"]
[Round "3"]
[White "Valiyev_Shahin"]
[Black "attack2mateU"]
[Result "1-0"]
[WhiteElo "2490"]
[BlackElo "2699"]
[TimeControl "180+1"]
[EndTime "14:29:49 PDT"]
[Termination "Valiyev_Shahin won by resignation"]

1. e4 c5 2. Nf3 d6 3. d4 cxd4 4. Nxd4 Nf6 5. Nc3 a6 6. Be3 e5 7.
Nb3 Be6 8. Qd2 Nbd7 9. h3 b5 10. O-O-O Nb6 11. Bxb6 Qxb6 12. g4 Rc8 13. g5 Rxc3 14.
Qxc3 Nxe4 15. Qf3 Nxf2 16. Qa8+ Qd8 17. Qxa6 Qxg5+ 18. Kb1 Nxh1 19. Bxb5+ Ke7 20. Rxh1 f5 21. Qa8 Rg8 22. a4 Kf6 23. a5 Be7 24. Qb7 Qe3 25.
a6 Qe4 26. Qxe4 fxe4 27. Bc6 d5 28. a7 e3 29. Re1 d4 30. a8=Q Rxa8 31. Bxa8 Bxh3 32. Nc1 Bf5 33. Rf1 g5 34. Be4 1-0

[Event "Late-Titled-Tuesday-Blitz-April-23-2024"]
[Site "Chess.com"]
[Date "2024.04.23"]
[Round "3"]
[White "Slovineanu"]
[Black "Ajedrez_con_German"]
[Result "0-1"]
[WhiteElo "2470"]
[BlackElo "2653"]
[TimeControl "180+1"]
[EndTime "14:29:50 PDT"]
[Termination "Ajedrez_con_German won on time"]

1. d4 a6 2. Nf3 e6 3. c4 d5 4.
b3 Nf6 5. e3 c5 6. Bd3 cxd4 7.
exd4 Nc6 8. Bb2 Bb4+ 9. Nbd2 O-O 10. O-O dxc4 11. bxc4 Be7 12. Qe2 b6 13. Rfd1 Bb7 14.
Rac1 Rc8 15. Ne4 Nb4 16. Nxf6+ Bxf6 17. Bb1 Re8 18. a3 Nc6 19. d5 exd5 20. Qd3 g6 21. Bxf6 Qxf6 22. cxd5 Ne5 23. Nxe5 Rxc1 24. Rxc1 Qxe5 25.
Rd1 Qxd5 26. Qxd5 Bxd5 27. f3 Be6 28. Rd6 Rb8 29. Bd3 a5 30. Bb5 Kf8 31. Kf2 Ke7 32. Rc6 Rb7 33. Ba6 Rb8 34. Bb5 Bd5 35. Rc7+ Kd6 36.
Rd7+ Kc5 37. a4 Rb7 38. Rd8 Rc7 39. Ke3 Bc4 40. Be8 Re7+ 41. Kf4 Kb4 42. Rb8 Ka3 43. g4 Bb3 44. h4 Re6 45. g5 Bxa4 46. Bxf7 Re7 47. Bd5 b5 48. h5 b4 49. hxg6 hxg6 50.
Be4 Be8 51. Ra8 a4 0-1